Map: Inside and Out

Players

squanzo

  • Race: Terran Terran
  • Spawn Location: 7:00

PwnyExpress - Winner!

  • Race: Zerg Zerg
  • League: Diamond
  • Spawn Location: 1:00

VOD

Have the link to the VOD?

Description

Time

  • Played on: July 29, 2022, 5:01 p.m.
  • Length: 26:51
Show
View Real Time Build Order
Export as new Build Order

squanzo Terran 

Build Orders: 2 Factory, Cyclone Opening, Mech 

Get SALT Encoding   

  12  0:00  SCV  
  13  0:12  SCV  
  14  0:17  Supply Depot  
  14  0:24  SCV  
  15  0:38  SCV  
  15  0:40  Barracks  
  16  0:44  Refinery  
  16  0:50  SCV  
  16  0:52  Refinery  
  17  1:03  SCV  
  18  1:15  SCV  
  19  1:27  Orbital Command  
  19  1:28  Marine  
  19  1:32  Supply Depot  
  20  1:40  Factory  
  20  1:46  Marine  
  21  1:54  SCV  
  22  2:06  SCV  
  23  2:14  Command Center  
  23  2:18  Marine  
  23  2:19  SCV  
  25  2:24  Factory Tech Lab  
  25  2:30  Bunker  
  25  2:33  SCV  
  26  2:37  Supply Depot  
  26  2:45  Cyclone  
  26  2:48  Marine  
  26  2:51  SCV  
  31  3:06  Supply Depot  
  31  3:12  SCV  
  32  3:18  Starport  
  32  3:20  Cyclone  
  35  3:28  Factory  
  35  3:32  Orbital Command  
  36  3:34  SCV  
  36  3:46  SCV  
  37  3:55  Hellion  
  39  3:56  Infernal Pre-Igniter  
  39  3:57  Viking  
  39  3:59  SCV  
  39  4:00  SCV  
  43  4:11  SCV  
  43  4:13  SCV  
  43  4:14  Factory Reactor  
  45  4:22  Refinery  
  45  4:23  SCV  
  48  4:24  Hellion  
  48  4:25  SCV  
  48  4:28  Starport Reactor  
  49  4:35  SCV  
  49  4:37  SCV  
  51  4:41  Refinery  
  53  4:45  Hellion  
  53  4:46  Armory  
  53  4:47  SCV  
  53  4:48  Armory  
  53  4:51  Hellion  
  53  4:52  Hellion  
  58  4:54  Supply Depot  
  58  4:56  Supply Depot  
  58  4:57  SCV  
  60  5:00  SCV  
  60  5:07  Engineering Bay  
  60  5:09  SCV  
  61  5:19  SCV  
  61  5:21  SCV  
  63  5:25  Command Center  
  63  5:34  SCV x2  
  65  5:36  Siege Tank  
  65  5:37  Hellion  
  65  6:07  Viking x2  
  69  6:13  Hellion x2  
  69  6:14  Factory, SCV x2, Siege Tank  
  69  6:15  Factory  
  75  6:18  Supply Depot  
  75  6:30  SCV x2  
  77  6:37  Liberator x2  
  77  6:38  Supply Depot  
  77  6:39  Supply Depot  
  83  6:40  Orbital Command  
  83  6:42  SCV  
  83  6:43  SCV  
  85  6:54  Siege Tank  
  85  6:55  Orbital Command  
  85  6:56  Hellion x2  
  85  6:59  Terran Vehicle Weapons Level 1, Supply Depot  
  85  7:00  Terran Vehicle And Ship Armor Level 1  
  92  7:02  Factory Tech Lab x2  
  92  7:30  Siege Tank  
  92  7:33  Thor  
  92  7:34  Siege Tank  
  92  7:35  Hellion  
  92  7:36  Hellion  
  108  7:38  SCV x2  
  108  7:39  SCV  
  111  7:50  SCV  
  112  7:52  Refinery  
  112  7:54  Sensor Tower, Refinery  
  112  7:58  Hellion x2  
  110  8:02  Siege Tank  
  106  8:06  Siege Tank  
  106  8:08  SCV  
  106  8:09  SCV  
  111  8:15  SCV  
  112  8:21  SCV x2  
  112  8:22  Medivac  
  112  8:26  Starport  
  113  8:27  Hellion x2  
  113  8:28  Hellion  
  119  8:36  Medivac  
  119  8:37  Smart Servos  
  121  8:43  Siege Tank  
  124  8:51  Hellion x2  
  124  8:53  Terran Vehicle Weapons Level 2  
  124  8:55  Terran Ship Weapons Level 1  
  124  9:11  Starport Tech Lab  
  124  9:13  SCV  
  125  9:19  Command Center  
  133  9:24  Hellion x2, Supply Depot, SCV, Siege Tank  
  133  9:25  Supply Depot  
  133  9:26  Supply Depot  
  133  9:29  Fusion Core, Supply Depot  
  133  9:34  Starport  
  133  9:42  Medivac  
  133  9:44  Viking  
  129  9:54  Hellion x2, Siege Tank x2  
  129  9:56  Hellion  
  129  9:58  Liberator  
  144  10:10  Command Center  
  134  10:24  Starport Tech Lab  
  130  10:31  Orbital Command  
  130  10:33  Liberator  
  130  10:34  Liberator  
  130  10:35  Hellion x2, Siege Tank x2  
  146  10:39  Hellion  
  146  10:40  Supply Depot x2  
  148  10:50  Viking x2  
  148  10:56  Hellion  
  148  10:57  Hellion  
  156  11:02  Thor  
  162  11:07  Hellion  
  162  11:08  Hellion  
  160  11:16  Liberator  
  125  11:29  Siege Tank  
  125  11:30  Hellion x2, Siege Tank  
  114  11:35  Orbital Command  
  114  11:37  Liberator x2  
  105  11:46  Hellion  
  100  11:51  Orbital Command  
  100  11:52  Terran Ship Weapons Level 2  
  94  11:54  Hellion  
  94  11:55  Hellion  
  92  12:02  Hellion  
  93  12:22  SCV x3  
  96  12:25  SCV  
  97  12:34  SCV x2  
  97  12:35  Siege Tank  
  91  12:38  Orbital Command  
  87  12:45  Refinery  
  87  12:49  Refinery  
  87  12:50  Sensor Tower  
  74  12:53  Advanced Ballistics  
  74  12:54  Liberator  
  74  12:55  Liberator  
  74  12:56  Hellion x2  
  84  12:59  SCV x2  
  84  13:05  Siege Tank  
  89  13:14  SCV x3  
  89  13:16  Refinery  
  89  13:17  Siege Tank x2  
  89  13:19  Hellion  
  100  13:20  Viking  
  102  13:33  SCV x4  
  106  13:40  Siege Tank  
  106  13:41  Hellion x2  
  113  13:49  Siege Tank  
  113  13:50  Hellion  
  113  13:52  SCV  
  113  13:53  SCV x2  
  121  14:04  Viking x2, Liberator x2  
  121  14:06  Hellion x2  
  135  14:11  Siege Tank  
  135  14:12  Hellion  
  135  14:15  Terran Vehicle Weapons Level 3  
  140  14:22  Hellion  
  142  14:25  SCV x2  
  142  14:27  SCV x2  
  142  14:28  Hellion x2  
  145  14:33  Hellion  
  137  14:43  Hellion, Siege Tank  
  134  14:51  Hellion x2  
  129  14:55  Siege Tank  
  112  15:04  Siege Tank  
  113  15:12  Hellion x2  
  117  15:15  Siege Tank  
  105  15:27  Hellion  
  96  15:33  Hellion x2  
  100  15:36  Siege Tank  
  103  15:47  Siege Tank  
  103  15:48  Siege Tank  
  109  15:53  Terran Ship Weapons Level 3  
  109  15:55  Hellion x2  
  109  15:56  Refinery  
  113  15:59  Refinery  
  113  16:00  Viking  
  113  16:01  Orbital Command  
  115  16:08  Siege Tank  
  118  16:14  Viking x2  
  118  16:16  Hellion x2  
  126  16:19  Siege Tank  
  126  16:20  Siege Tank  
  132  16:39  Hellion x2  
  136  16:41  Hellion  
  138  16:51  Siege Tank  
  138  16:52  Siege Tank  
  109  17:02  Siege Tank  
  109  17:06  Viking x2  
  93  17:14  Liberator x2  
  93  17:15  Hellion x2  
  93  17:21  Command Center  
  93  17:24  Hellion  
  93  17:25  Hellion  
  93  17:34  Siege Tank  
  80  17:45  Siege Tank  
  73  17:54  Orbital Command  
  73  17:58  Viking x2  
  70  18:09  Viking  
  66  18:24  Refinery  
  66  18:26  SCV  
  66  18:27  SCV  
  68  18:32  SCV  
  69  18:45  Viking  
  71  18:50  Orbital Command  
  71  18:51  Hellion x2  
  75  18:58  Hellion x2  
  63  19:25  Hellion x2  
  63  19:31  Hellion x3  
  73  19:39  SCV  
  74  19:52  SCV x2  
  76  19:56  Refinery  
  76  19:57  Orbital Command  
  76  20:06  Siege Tank x2  
  82  20:18  Viking x3  
  88  20:23  SCV x4  
  92  20:44  Siege Tank x2  
  92  20:45  Hellion x3  
  100  21:06  Hellion, Liberator, Siege Tank  
  100  21:07  Liberator  
  111  21:16  Siege Tank  
  111  21:17  Siege Tank  
  117  21:22  Hellion  
  119  21:28  Hellion  
  121  21:32  Terran Vehicle And Ship Armor Level 2  
  121  21:37  SCV x4  
  121  21:38  Siege Tank  
  128  21:43  Refinery  
  128  22:17  Siege Tank x2  
  128  22:18  Hellion x3  
  128  22:21  Viking x2  
  117  22:44  Siege Tank  
  117  22:45  Hellion x2  
  117  22:49  Siege Tank  
  117  22:50  Hellion  
  78  23:06  Hellion x2  
  78  23:11  Siege Tank  
  84  23:16  Hellion  
  80  23:23  Viking x2  
  80  23:25  Refinery  
  66  23:40  Thor  
  72  23:43  Hellion  
  72  23:47  SCV x2  
  53  24:30  Thor  
  59  24:32  Hellion x2, Siege Tank  
  59  24:33  Siege Tank  
  66  24:53  Hellion x2  
  66  24:58  SCV x2  
  66  24:59  SCV  
  73  25:05  Hellion, Siege Tank  
  78  25:14  Siege Tank  
  81  25:15  Hellion x2  
  78  25:26  Siege Tank  
  78  25:36  Thor, Hellion x2  
  88  25:43  SCV x3  
  88  25:46  Siege Tank  
  94  25:57  Hellion x2  
  94  25:58  Hellion  
  100  26:05  Command Center  
  100  26:16  Medivac  
  100  26:18  Hellion  
  104  26:22  Hellion x2  
  104  26:23  Hellion x2  
Show
View Real Time Build Order
Export as new Build Order

PwnyExpress Zerg - Winner!

Build Orders: Hatch First 

Get SALT Encoding   

  12  0:09  Overlord  
  12  0:13  Drone  
  13  0:16  Drone  
  14  0:29  Drone  
  14  0:31  Drone  
  16  0:41  Drone  
  17  0:55  Hatchery  
  17  0:56  Drone  
  17  1:12  Spawning Pool  
  17  1:14  Drone  
  17  1:17  Extractor  
  16  1:21  Drone  
  17  1:35  Drone  
  17  1:36  Drone  
  19  1:47  Overlord  
  18  1:59  Queen  
  20  2:04  Zergling x2  
  20  2:07  Queen  
  20  2:08  Zergling x2  
  24  2:09  Drone  
  25  2:19  Drone x2  
  27  2:23  Metabolic Boost  
  27  2:32  Drone x2  
  29  2:40  Drone x2  
  31  2:44  Queen  
  31  2:50  Overlord  
  33  2:58  Drone  
  34  3:07  Overlord  
  34  3:08  Drone x4  
  38  3:16  Drone x3  
  41  3:28  Overlord  
  41  3:29  Drone x3  
  44  3:36  Drone x2, Roach Warren  
  45  3:43  Extractor  
  45  3:44  Extractor  
  43  3:56  Drone x4  
  43  3:59  Hatchery  
  45  4:09  Drone x3  
  48  4:10  Drone x2  
  50  4:17  Lair  
  50  4:19  Overlord  
  50  4:20  Roach x2  
  54  4:36  Drone x2  
  56  4:38  Baneling Nest  
  55  4:47  Evolution Chamber  
  55  4:49  Drone, Evolution Chamber  
  55  4:51  Roach x3  
  60  4:56  Drone x2  
  60  4:57  Overlord  
  60  4:58  Roach x2  
  66  5:08  Overlord  
  66  5:09  Drone  
  67  5:19  Overseer  
  67  5:20  Extractor, Hydralisk Den  
  65  5:30  Zerg Missile Weapons Level 1  
  65  5:38  Zergling x2  
  65  5:39  Zergling x2  
  67  5:49  Drone x5  
  72  5:50  Drone x3  
  72  5:58  Zergling x6  
  73  6:06  Drone x2  
  73  6:09  Grooved Spines  
  75  6:11  Zerg Ground Armor Level 1  
  75  6:14  Drone x4  
  78  6:28  Hydralisk x5  
  78  6:29  Overlord x2, Infestation Pit  
  87  6:37  Drone x2  
  87  6:38  Extractor  
  87  6:39  Extractor  
  87  6:46  Overlord  
  87  6:47  Overlord  
  87  6:57  Drone x4  
  91  7:03  Hydralisk x3  
  91  7:04  Overlord x2  
  91  7:06  Hive  
  97  7:16  Drone x3  
  97  7:17  Drone x4, Hydralisk x3  
  97  7:18  Hydralisk, Overlord  
  112  7:49  Hydralisk x2  
  105  8:03  Drone x4  
  97  8:20  Drone  
  97  8:21  Drone  
  97  8:26  Drone x4  
  101  8:32  Drone x3  
  104  8:35  Muscular Augments, Overlord, Hydralisk x2  
  104  8:36  Viper x2  
  114  8:43  Spine Crawler  
  114  8:47  Drone x2  
  114  8:48  Zerg Ground Armor Level 2, Zerg Missile Weapons Level 2  
  113  8:54  Viper x3  
  122  8:59  Glial Reconstitution  
  122  9:04  Queen  
  122  9:05  Overlord x2  
  122  9:06  Roach x3  
  130  9:11  Roach x2  
  130  9:12  Overlord, Roach x2  
  138  9:22  Overlord x2  
  140  9:24  Roach  
  140  9:30  Roach x5  
  150  9:40  Queen  
  146  9:49  Viper, Roach  
  146  9:50  Roach x4  
  146  9:51  Hydralisk x2  
  162  10:02  Drone x3  
  162  10:15  Roach x4  
  162  10:17  Hydralisk x3, Hatchery  
  162  10:20  Drone  
  166  10:35  Hydralisk x5  
  166  10:36  Overlord x3  
  166  10:37  Drone x2  
  166  10:42  Spine Crawler  
  177  10:58  Hydralisk, Roach  
  177  10:59  Roach x3  
  177  11:01  Drone x3  
  177  11:03  Spire  
  168  11:31  Hydralisk x3, Roach x7  
  168  11:32  Hydralisk  
  162  11:39  Roach  
  152  11:40  Roach  
  152  11:43  Hydralisk  
  152  11:44  Hydralisk  
  146  11:48  Roach  
  116  12:02  Roach  
  116  12:03  Roach x4  
  118  12:11  Roach x2  
  118  12:17  Drone  
  118  12:18  Drone x3  
  122  12:28  Roach  
  122  12:29  Roach x2  
  128  12:41  Hydralisk x3  
  108  12:54  Hydralisk x4  
  116  12:59  Drone x2  
  118  13:12  Hydralisk x4  
  126  13:20  Drone x3  
  129  13:32  Roach x5  
  139  13:45  Overseer  
  139  13:49  Extractor, Zerg Missile Weapons Level 3  
  139  13:52  Extractor  
  139  13:53  Spore Crawler  
  139  13:54  Drone x3  
  139  13:55  Drone  
  140  13:57  Spine Crawler  
  139  14:07  Roach x4  
  139  14:08  Roach  
  149  14:20  Roach x2  
  149  14:21  Hydralisk, Roach x3  
  159  14:37  Roach x2  
  159  14:38  Roach x5  
  162  15:01  Hydralisk x4, Roach x4  
  178  15:08  Hydralisk x5  
  178  15:09  Roach x2  
  148  15:29  Hydralisk  
  148  15:30  Hydralisk x7  
  161  15:40  Hydralisk x3  
  167  15:45  Viper x2  
  167  15:49  Hydralisk  
  175  16:00  Hydralisk x2  
  175  16:01  Hydralisk  
  181  16:23  Viper x4  
  193  16:32  Spine Crawler, Spore Crawler  
  191  16:33  Hydralisk x3  
  191  16:34  Roach  
  150  17:02  Hydralisk x2  
  150  17:03  Corruptor x3, Hydralisk x3  
  150  17:04  Corruptor  
  146  17:16  Hydralisk x4  
  92  17:56  Zergling x2  
  92  17:57  Zergling x40  
  109  18:04  Zergling x2  
  109  18:05  Adrenal Glands  
  88  18:16  Hydralisk  
  88  18:17  Ultralisk Cavern  
  88  18:18  Roach x2  
  93  18:42  Hatchery, Roach x3  
  93  18:43  Roach x2  
  87  19:14  Roach x2  
  87  19:15  Hydralisk x5, Roach x4  
  109  19:23  Roach x3  
  110  19:35  Roach x5  
  120  19:43  Viper x2  
  126  19:57  Hydralisk, Roach  
  126  19:58  Hydralisk, Roach x2  
  134  20:03  Drone x4  
  138  20:14  Roach x3  
  144  20:15  Viper  
  147  20:23  Hydralisk  
  149  20:31  Extractor  
  149  20:32  Extractor  
  147  20:38  Hydralisk x3  
  147  20:39  Hydralisk  
  151  21:03  Hydralisk x3  
  151  21:04  Corruptor x4, Hydralisk  
  167  21:16  Viper x2  
  173  21:23  Roach x3  
  179  21:26  Corruptor  
  181  21:45  Hatchery  
  180  21:55  Corruptor x3  
  180  21:56  Overlord  
  186  22:15  Zerg Ground Armor Level 3, Hydralisk  
  186  22:16  Corruptor x4, Hydralisk  
  166  22:48  Roach x7  
  166  22:49  Hydralisk x7  
  167  22:56  Roach x4  
  167  22:57  Roach  
  167  22:58  Hydralisk  
  171  23:02  Roach  
  171  23:04  Drone  
  171  23:05  Drone x2  
  133  23:32  Hydralisk x4, Roach x6  
  133  23:33  Hydralisk  
  143  23:36  Drone  
  143  23:37  Drone  
  145  23:45  Viper  
  148  23:57  Queen  
  150  24:03  Extractor, Queen  
  150  24:05  Extractor  
  148  24:21  Zergling x6  
  148  24:22  Zergling x8  
  135  24:27  Zergling x8  
  135  24:28  Zergling x10  
  138  24:43  Viper x4  
  142  25:25  Hydralisk x4  
  142  25:26  Hydralisk, Roach  
  142  25:27  Hydralisk x2, Roach x3  
  156  25:33  Hydralisk  
  156  25:34  Hydralisk x3  
  156  25:35  Roach x5  
  174  25:36  Roach x2  
  174  25:40  Roach x3  
  174  25:41  Roach  
  186  25:44  Roach x2  
  190  25:58  Overseer  
  190  26:06  Spine Crawler  
  190  26:07  Spine Crawler x2  
  190  26:08  Spore Crawler  
  190  26:10  Hatchery  
Tags
 
Add a new tag
Caveats
  • Supply blocks, unpowered buildings, or Contaminate may cause inaccurate times.
  • Supply counts are checked every 10 seconds.